 Dungeon Crawl Stone Soup version 0.29-a0-830-gcb1280458a (webtiles) character file.

Game seed: 10931716233720769720

2 lesbiats the Vexing (level 1, -2/17 HPs)
             Began as a Gnoll Arcane Marksman on July 11, 2022.
             Slain by a ball python (3 damage)
             ... on level 1 of the Dungeon.
             The game lasted 00:01:35 (107 turns).

lesbiats the Vexing (Gnoll Arcane Marksman)          Turns: 107, Time: 00:01:36

Health: -2/17      AC:  2    Str:  9    XL:     1   Next: 40%
Magic:  4/4        EV: 10    Int: 12    God:
Gold:   34         SH:  0    Dex: 12    Spells: 4/5 levels left

rFire   . . .      SeeInvis .   a - +0 sling
rCold   . . .      Faith    .   (no shield)
rNeg    . . .      Spirit   .   c - +0 robe
rPois   .          Reflect  .   (no helmet)
rElec   .          Harm     .   (no cloak)
rCorr   .          Rampage  .   (no gloves)
Will    .....                   (no boots)
Stlth   +.........              (no amulet)
HPRegen 0.05/turn               (no ring)
MPRegen 0.09/turn               (no ring)

@: constricted
A: fangs 1, strong nose, distributed training
a: no special abilities


You were on level 1 of the Dungeon.
You visited 1 branch of the dungeon, and saw 1 of its levels.

You collected 34 gold pieces.

Inventory:

Hand Weapons
 a - a +0 sling (weapon)
Armour
 c - a +0 robe (worn)
Scrolls
 b - a scroll of vulnerability
Potions
 d - a potion of brilliance {unknown}


   Skills:
 + Level 2.3 Fighting
 + Level 0.0 Short Blades
 + Level 0.0 Long Blades
 + Level 0.0 Axes
 + Level 0.0 Maces & Flails
 + Level 0.0 Polearms
 + Level 0.0 Staves
 + Level 4.4 Ranged Weapons
 + Level 0.0 Throwing
 + Level 0.0 Armour
 + Level 4.4 Dodging
 + Level 0.0 Stealth
 + Level 0.0 Shields
 + Level 0.0 Unarmed Combat
 + Level 2.6 Spellcasting
 + Level 0.0 Conjurations
 + Level 5.3 Hexes
 + Level 0.0 Summonings
 + Level 0.0 Necromancy
 + Level 0.0 Translocations
 + Level 0.0 Transmutations
 + Level 0.0 Fire Magic
 + Level 0.0 Ice Magic
 + Level 0.0 Air Magic
 + Level 0.0 Earth Magic
 + Level 0.0 Poison Magic
 + Level 0.1 Invocations
 + Level 0.0 Evocations


You had 4 spell levels left.
You knew the following spells:

 Your Spells              Type           Power      Damage    Failure   Level
a - Slow                  Hex            56%        N/A       2%          1

Your spell library contained the following spells:

 Spells                   Type           Power      Damage    Failure   Level
 Apportation              Tloc           2%         N/A       26%         1
 Inner Flame              Hex/Fire       8%         N/A       26%         3
 Portal Projectile        Hex/Tloc       16%        N/A       26%         3
 Cause Fear               Hex            7%         N/A       28%         4
 Alistair's Intoxication  Tmut/Pois      0%         N/A       100%        5


Dungeon Overview and Level Annotations

Branches:
Dungeon (1/15)

Altars:


Innate Abilities, Weirdness & Mutations

You have very sharp teeth.
Your uncanny sense of smell can sniff out nearby items.
Your experience applies equally to all skills.


Message History

The frilled lizard closely misses you.
A ball python comes into view.
The frilled lizard barely misses you.
You shoot a sling bullet.
The sling bullet closely misses the frilled lizard.
The frilled lizard bites you.
The ball python closely misses you. x2; The ball python bites you.
The ball python barely misses you.
The ball python attacks as you move away!
The ball python barely misses you. The ball python closely misses you.
The goblin hits you with a +0 club.
The ball python attacks as you move away!
The ball python bites you. The ball python misses you.
The goblin hits you but does no damage.
You shoot a sling bullet.
The sling bullet hits the frilled lizard.
The frilled lizard is heavily wounded.
The ball python bites you. The ball python closely misses you.
The frilled lizard barely misses you. The goblin barely misses you.
The ball python closely misses you. The ball python misses you.
You shoot a sling bullet.
The sling bullet misses the frilled lizard.
The goblin hits you with a +0 club. The frilled lizard bites you.
* * * LOW HITPOINT WARNING * * *
The ball python bites you but does no damage.
The ball python closely misses you.
You are too injured to fight recklessly!
Unknown command.
The ball python closely misses you. The ball python grabs you.
The ball python constricts you.
You escape the ball python's grasp.
The frilled lizard closely misses you. The ball python misses you. x2
The frilled lizard bites you but does no damage.
The goblin attacks as you move away! The goblin closely misses you.
The ball python bites you.
* * * LOW HITPOINT WARNING * * *
The ball python grabs you. The ball python constricts you.
* * * LOW HITPOINT WARNING * * *
The ball python bites you.
You die...

....# ###.$# ###..†.#
..# ###......# ..
#......#.### .
#####..........#.#. ∆
###..####....g.......#
###......####.Sl####....
##.....#....####@# ###
.....#.##........#
..(....##..####.##
#####..##.## #.# #..##.#
#.# #.....#####.##
##............
#...########.## #.....
#.# ∆


You could see a goblin, a ball python and a frilled lizard.

Vanquished Creatures
  A ball python (D:1)
  A goblin (D:1)
2 creatures vanquished.

Notes
Turn   | Place    | Note
-------+----------+-------------------------------------------
     0 | D:1      | lesbiats the Gnoll Arcane Marksman began the quest for the
                  | Orb.
     0 | D:1      | Reached XP level 1. HP: 17/17 MP: 4/4
   107 | D:1      | Slain by a ball python

Illustrated notes

Levels and vault maps discovered:
D:1:      moated_graveyard_arrival, layout_loops_ring, minmay_misc_feat_x

Action                   || total
-------------------------++-------
 Fire: Sling             ||    10
Armor: Robe              ||     4
Dodge: Dodged            ||    21

Table legend: (Time is in decaauts)
 A = Elapsed time spent in this place.
 B = Non-inter-level travel time spent in this place.
 C = Inter-level travel time spent in this place.
 D = Time resting spent in this place.
 E = Time spent auto-exploring this place.
 F = Levels seen in this place.
 G = Mean time per level.
                   A        B        C        D        E       F      G
               +--------+--------+--------+--------+--------+-----+--------+
         Total |    108 |     86 |     22 |      0 |     37 |   1 |  108.0 |
       Dungeon |    108 |     86 |     22 |      0 |     37 |   1 |  108.0 |
               +--------+--------+--------+--------+--------+-----+--------+

Top non-repeatable levels by time:
     D:1: 108 daAuts
